 Dungeon Crawl Stone Soup version 0.28.0-43-g3370ac3207 (webtiles) character file.

Game seed: 9481126684685551184

417 Gatito the Poker (level 6, -6/56 HPs)
             Began as a Minotaur Berserker on Mar 27, 2022.
             Was a Priest of Trog.
             Mangled by Grinder (9 damage)
             ... on level 4 of the Dungeon.
             The game lasted 00:25:01 (3519 turns).

Gatito the Poker (Minotaur Berserker)               Turns: 3519, Time: 00:25:01

Health: -6/56      AC:  9    Str: 23    XL:     6   Next: 61%
Magic:  5/5        EV:  8    Int:  4    God:    Trog [***...]
Gold:   83         SH:  0    Dex: 10    Spells: 5/5 levels left

rFire   x . .      SeeInvis .   a - +0 spear
rCold   + . .      Faith    .   (no shield)
rNeg    . . .      Spirit   .   m - +0 chain mail
rPois   .          Reflect  .   (helmet restricted)
rElec   .          Harm     .   (no cloak)
rCorr   .          Rampage  .   (no gloves)
Will    .....                   (no boots)
Stlth   ..........              (no amulet)
HPRegen 0.18/turn               g - ring of ice
MPRegen 0.09/turn               l - ring of wizardry

@: on berserk cooldown, slowed, very slow
A: horns 2, retaliatory headbutt
a: Renounce Religion, Berserk, Trog's Hand


You were on level 4 of the Dungeon.
You worshipped Trog.
Trog was most pleased with you.
You visited 1 branch of the dungeon, and saw 4 of its levels.
You also visited: Ossuary.

You collected 83 gold pieces.

Inventory:

Hand Weapons
 a - a +0 spear (weapon)
Missiles
 b - 113 stones (quivered)
Armour
 m - a +0 chain mail (worn)
Jewellery
 g - a ring of ice (left hand)
 l - a ring of wizardry (right hand)
Scrolls
 c - 2 scrolls of identify {unknown}
 d - a scroll of summoning {unknown}
 e - a scroll of holy word {unknown}
 f - a scroll of blinking {unknown}
 h - a scroll of teleportation
 n - a scroll of immolation {unknown}
 q - 2 scrolls of enchant armour {unknown}
 t - a scroll of enchant weapon {unknown}
 w - a scroll of brand weapon {unknown}
 x - a scroll of magic mapping {unknown}
Potions
 i - a potion of attraction {unknown}
 j - 2 potions of flight {unknown}
 k - 4 potions of heal wounds {unknown}
 o - a potion of resistance {unknown}
 p - 3 potions of might {unknown}
 r - a potion of curing {unknown}
 s - 2 potions of mutation {unknown}
 u - a potion of haste {unknown}
 v - 2 potions of invisibility {unknown}


   Skills:
 + Level 5.2 Fighting
 + Level 7.1 Polearms
 + Level 0.1 Throwing
 + Level 3.8 Armour
 + Level 2.6 Dodging
 + Level 1.2 Stealth


You had 5 spell levels left.
You didn't know any spells.
Your spell library was empty.

Dungeon Overview and Level Annotations

Branches:
Dungeon (4/15)            Ossuary (visited)
 Temple: D:4-7

Altars:

Shops:
D:2 [*(   D:4 ((

Annotations:
D:4 Grinder


Innate Abilities, Weirdness & Mutations

You have a pair of horns on your head.
You reflexively headbutt those who attack you in melee.


Message History

You start resting.
Grinder is nearby!
Grinder says, "There's only one good use for a tongue: cutting it out."
You hit Grinder but do no damage. You hit Grinder. You headbutt Grinder!
Grinder is moderately wounded.
Grinder hits you.
You hit Grinder.
Grinder is moderately wounded.
Grinder gestures at you.
You suddenly lose the ability to move!
Grinder hits you.
You writhe in agony.
Grinder zaps a wand.
The puff of flame hits you. The fire burns you terribly!
Grinder zaps a wand.
The puff of flame hits you. The fire burns you terribly! Grinder hits you.
You writhe in agony.
Grinder says, "Are you a fish?" Grinder hits you but does no damage.
Grinder zaps a wand.
The puff of flame hits you. The fire burns you terribly!
You can move again.
You are too injured to fight recklessly!
A red film seems to cover your vision as you go berserk!
You feel yourself moving faster!
You feel mighty!
Grinder blinks!
You feel a strong urge to attack something.
You feel your anger nearly subside.
You are no longer berserk.
You are exhausted.
You feel yourself slow down.
Something misses the butterfly.
Grinder blinks!
You see here a bullfrog corpse.
Grinder blinks!
Grinder zaps a wand.
The puff of flame hits you but does no damage.
Grinder gestures at you. Pain shoots through your body!
* * * LOW HITPOINT WARNING * * *
Grinder gestures at you. Pain shoots through your body!
* * * LOW HITPOINT WARNING * * *
Grinder blinks!
Grinder hits you!
You die...

....PP♣♣. PP5.
..≈≈... ..≈≈#
#≈≈.P♣♣♣..≈≈#
######..b......##.
#.....>...........
#.# #.......# #.
#[# #....#### #.
#.# #......# #.
#@# #......# #.
#5# #......# #.
#.#####....### #.
#.†........# ##
#†.........# .
#......#####
#......# #......#
####.###


You could see Grinder.

Vanquished Creatures
  An orc warrior (D:3)
  A bullfrog (D:4)
  2 orc priests (D:3)
  5 mummies (Ossuary)
  Robin (D:4)
  4 gnolls (D:3)
  An adder (D:3)
  A dart slug (D:3)
  4 orcs
  2 ball pythons (D:2)
  4 bats
  7 endoplasms
  A giant cockroach (D:2)
  16 goblins
  10 hobgoblins
  4 jackals (D:4)
  5 kobolds
  2 quokkas
  A frilled lizard (D:1)
  5 rats
77 creatures vanquished.

Vanquished Creatures (others)
  A fungus (D:1)
1 creature vanquished.

Grand Total: 78 creatures vanquished

Notes
Turn   | Place    | Note
-------+----------+-------------------------------------------
     0 | D:1      | Gatito the Minotaur Berserker began the quest for the Orb.
     0 | D:1      | Reached XP level 1. HP: 19/19 MP: 0/0
   534 | D:1      | Reached XP level 2. HP: 27/27 MP: 1/1
   775 | D:2      | Found Ruasmy's General Store.
   834 | D:2      | Found Luosaluw's Antique Armour Emporium.
   856 | D:2      | Reached skill level 4 in Polearms
  1420 | D:2      | Found Oreefeh's Weapon Shop.
  1487 | D:2      | Reached XP level 3. HP: 33/33 MP: 2/2
  1618 | D:3      | Found a faded altar of an unknown god.
  1629 | D:3      | Reached ** piety under Trog
  2251 | D:3      | Reached XP level 4. HP: 40/40 MP: 3/3
  2254 | D:3      | Reached skill level 5 in Polearms
  2462 | D:3      | Noticed an orc warrior
  2480 | D:3      | Killed an orc warrior
  2481 | D:3      | Reached skill level 6 in Polearms
  2481 | D:3      | Reached XP level 5. HP: 46/47 MP: 4/4
  2710 | D:4      | Found Evusot Juno's Weapon Shoppe.
  2713 | D:4      | Found a sand-covered staircase.
  2719 | Ossuary  | Entered an ossuary
  2750 | Ossuary  | Reached XP level 6. HP: 53/53 MP: 5/5
  2929 | Ossuary  | Reached skill level 1 in Stealth
  3256 | D:4      | Found Tonwyree's Weapon Boutique.
  3314 | D:4      | Noticed Robin
  3322 | D:4      | Killed Robin
  3323 | D:4      | Reached skill level 5 in Fighting
  3364 | D:4      | Reached *** piety under Trog
  3445 | D:4      | Reached skill level 7 in Polearms
  3453 | D:4      | Identified the +0 leather armour of Jairodiw {+Blink Will++
                  | Int+3 Stlth+}
  3473 | D:4      | Noticed Grinder
  3473 | D:4      | Paralysed by Grinder for 7 turns
  3494 | D:4      | Paralysed by Grinder for 6 turns
  3519 | D:4      | Mangled by Grinder

Illustrated notes

Levels and vault maps discovered:
D:1:      minmay_arrival_plants_in_alcoves, layout_loops_ring
D:2:      layout_basic, serial_shops, nicolae_square_shop,
          nicolae_shop_window_shopping, shop_statue
D:3:      layout_loops_cross, hellmonk_ecumenical_altar_heavens_door
D:4:      layout_basic, nicolae_elyvilon_peaceful_grove, serial_shops,
          nicolae_square_shop, nicolae_shop_bloodbath_and_beyond, shop, shop,
          nicolae_ossuary_entry_ruins, uniq_ijyb, uniq_grinder, uniq_robin

Skill      XL: |  1  2  3  4  5  6 |
---------------+-------------------+-----
Polearms       | 4 6 7 |  7.1
Fighting       | 4 5 |  5.2
Armour         | 3 |  3.8
Stealth        | 1 |  1.2
Throwing       | |  0.1
Dodging        | |  2.6

Action                   |  1- 3 |  4- 6 || total
-------------------------+-------+-------++-------
Melee: Spear             |   108 |   106 ||   214
       Headbutt          |    16 |    17 ||    33
       Punch             |     3 |       ||     3
Throw: Stone             |     5 |       ||     5
Invok: Berserk           |     1 |     4 ||     5
  Use: Scroll            |       |     1 ||     1
Armor: Scale mail        |    20 |       ||    20
       Animal skin       |     1 |       ||     1
       Chain mail        |    13 |    34 ||    47
Dodge: Dodged            |    36 |    28 ||    64
